 Dungeon Crawl Stone Soup version 0.30-a0-1093-gcfb1e0cf12 (webtiles) character file.

Game seed: 15942643053310736322

354 KristoblXynda the Chopper (level 6, 0/55 HPs)
             Began as a Draconian Berserker on Apr 17, 2023.
             Was a Believer of Trog.
             Succumbed to a kobold brigand's poison
             ... on level 5 of the Dungeon.
             The game lasted 00:03:51 (3789 turns).

KristoblXynda the Chopper (Draconian Berserker)     Turns: 3789, Time: 00:03:52

Health: 0/55       AC:  6    Str: 19    XL:     6   Next: 35%
Magic:  6/6        EV: 14    Int:  9    God:    Trog [**....]
Gold:   134        SH:  0    Dex: 17    Spells: 5/5 levels left

rFire   . . .      SeeInvis .    a - +0 hand axe
rCold   . . .      Faith    .    (no shield)
rNeg    . . .      Spirit   .    (body armour unavailable)
rPois   .          Reflect  .    (helmet restricted)
rElec   .          Rampage  .    (no cloak)
rCorr   .                        (no gloves)
Will    .....                    (no boots)
Stlth   ++                       (no amulet)
HPRegen 0.29/turn                m - +6 ring of dexterity
MPRegen 0.10/turn                (no ring)

@: lethally poisoned (0 -> -7), on berserk cooldown, slowed, very slow
A: AC +6, unfitting armour, cold-blooded
a: Renounce Religion, Berserk, Trog's Hand


You were on level 5 of the Dungeon.
You worshipped Trog.
Trog was pleased with you.
You visited 1 branch of the dungeon, and saw 5 of its levels.

You collected 134 gold pieces.

Inventory:

Hand Weapons
 a - a +0 hand axe (weapon)
Armour
 t - a +0 buckler
Jewellery
 m - a +6 ring of dexterity (left hand)
Wands
 z - a wand of roots (6)
Scrolls
 d - a scroll of fog {unknown}
 e - 2 scrolls of fear {unknown}
 g - a scroll of noise {unknown}
 j - 2 scrolls of poison {unknown}
 k - a scroll of butterflies {unknown}
 n - 4 scrolls of identify {unknown}
 p - a scroll of vulnerability {unknown}
 r - 2 scrolls of amnesia {unknown}
 u - 2 scrolls of teleportation {unknown}
 v - 2 scrolls of blinking {unknown}
 x - a scroll of brand weapon {unknown}
 y - a scroll of magic mapping {unknown}
Potions
 b - a potion of attraction {unknown}
 c - 6 potions of curing {unknown}
 f - 5 potions of flight {unknown}
 h - a potion of haste {unknown}
 i - a potion of brilliance {unknown}
 l - a potion of might {unknown}
 o - a potion of lignification {unknown}
 q - a potion of ambrosia {unknown}
 s - a potion of heal wounds {unknown}
 w - a potion of cancellation {unknown}


   Skills:
 + Level 4.8 Fighting
 * Level 5.5 Axes
 + Level 4.0 Dodging


You had 5 spell levels left.
You didn't know any spells.
Your spell library contained the following spells:

 Spells                   Type           Power      Damage    Failure   Level
 Necrotise                Necr           0%         1d4       38%         1
 Portal Projectile        Hex/Tloc       0%         N/A       77%         3
 Summon Guardian Golem    Hex/Summ       0%         N/A       77%         3
 Tukima's Dance           Hex            0%         N/A       77%         3
 Vampiric Draining        Necr           0%         2d6       77%         3
 Agony                    Necr           0%         N/A       100%        5
 Blade Hands              Tmut           0%         N/A       100%        5
 Orb of Destruction       Conj           0%         9d5       100%        7
 Spellforged Servitor     Conj/Summ      0%         N/A       100%        7


Dungeon Overview and Level Annotations

Branches:
Dungeon (5/15)
 Temple: D:4-7

Altars:
Makhleb
Ru
Wu Jian
Zin

Shops:
D:1 (


Innate Abilities, Weirdness & Mutations

Your plain brown scales are hard. (AC +6)
You cannot fit into any form of body armour.
You are cold-blooded and may be slowed by cold attacks.


Message History

The kobold brigand is almost dead.
You closely miss the iguana.
You feel sick. The iguana closely misses you.
The kobold brigand hits you with a +0 dagger of venom.
You are more poisoned.
Unknown command.
You barely miss the iguana.
The iguana is lightly wounded.
You completely miss the kobold brigand.
You feel very sick. The iguana bites you.
* * * LOW HITPOINT WARNING * * *
The kobold brigand misses you.
You hit the iguana.
The iguana is lightly wounded.
You hit the kobold brigand.
You feel sick.
Unknown command.
You barely miss the iguana.
The iguana is lightly wounded.
You hit the kobold brigand.
You kill the kobold brigand!
Trog accepts your kill.
You feel sick. The iguana bites you!
* * * LOW HITPOINT WARNING * * *
Your Dodging skill increases to level 4!
You slash the iguana!
The iguana is severely wounded.
You hit the sleepcap but do no damage.
* * * LOW HITPOINT WARNING * * *
You feel sick. The sleepcap releases spores at you.
* * * LOW HITPOINT WARNING * * *
You are engulfed in a cloud of soporific spores!
You are unaffected.
The iguana bites you.
* * * LOW HITPOINT WARNING * * *
You slash the sleepcap! You tail-slap the sleepcap.
The sleepcap is heavily damaged.
You barely miss the iguana.
You are no longer berserk.
You are exhausted.
You feel yourself slow down.
You die...

#.#.## .>. ..#..##
#.# #.#... #..
..... #.# #... #.#
#..# #.# #..#
########.###fl##
............@..#
########.##.†#...(#
######.......#....#
#.....<#.###.# ...#
........### #.#
##..# .#.###### ###
#.. # .#


You could see a sleepcap and an iguana.

Vanquished Creatures
  A kobold brigand (D:5)
  3 hounds (D:5)
  An iguana (D:4)
  An orc wizard (D:4)
  4 adders
  An ufetubus (D:4)
  2 worms
  2 dart slugs
  11 orcs
  6 bats (D:1)
  4 endoplasms
  A giant cockroach (D:2)
  8 goblins
  4 hobgoblins (D:1)
  3 jackals (D:5)
  13 kobolds
  4 quokkas
  7 ball pythons
  A frilled lizard (D:2)
  6 rats
83 creatures vanquished.

Vanquished Creatures (others)
  A plant (D:3)
1 creature vanquished.

Grand Total: 84 creatures vanquished

Notes
Turn   | Place    | Note
-------+----------+-------------------------------------------
     0 | D:1      | KristoblXynda the Draconian Berserker began the quest for
                  | the Orb.
     0 | D:1      | Reached XP level 1. HP: 19/19 MP: 1/1
   148 | D:1      | Reached XP level 2. HP: 25/26 MP: 2/2
   319 | D:1      | Found Hyecaod's Weapon Shoppe.
   527 | D:1      | Reached ** piety under Trog
   528 | D:1      | Reached XP level 3. HP: 31/31 MP: 3/3
  1307 | D:2      | Reached skill level 4 in Axes
  1483 | D:2      | Found a faded altar of an unknown god.
  1626 | D:3      | Found a sacrificial altar of Ru.
  1642 | D:3      | Found an ornate altar of the Wu Jian Council.
  1843 | D:3      | Reached XP level 4. HP: 39/40 MP: 4/4
  1852 | D:3      | Identified the +0 ring mail of Wautrauch {Drain Will+ Str+3
                  | SInv}
  2323 | D:4      | Found a burning altar of Makhleb.
  2441 | D:4      | Reached XP level 5. HP: 22/46 MP: 5/5
  3632 | D:4      | Found a glowing silver altar of Zin.
  3754 | D:5      | Entered Level 5 of the Dungeon
  3770 | D:5      | Reached skill level 5 in Axes
  3780 | D:5      | Reached XP level 6. HP: 50/53 MP: 6/6
  3788 | D:5      | HP: 3/82 [sleepcap (2)]
  3789 | D:5      | Succumbed to a kobold brigand's poison

Illustrated notes

Levels and vault maps discovered:
D:1:      wander_arrival_peaceful_grave, layout_loops_ring, serial_shops,
          nicolae_shop_tiny_real_fake_doors
D:2:      layout_basic, dreamdust_ecumenical_altar_angels_and_demons,
          chequers_serial_rivers_micro_c, minivault_26
D:3:      layout_loops_ring, mainiacjoe_overflow_boulevard,
          nicolae_wu_jian_wuxing_cycle, minmay_fountain_box
D:4:      corexii_shack_village, layout_basic, bloody_makhleb, zin_scriptorium
D:5:      layout_basic, gammafunk_temple_overflow_elements, lemuel_tele_altar,
          kennysheep_cross_bottleneck, minmay_bent, uniq_grinder

Skill      XL: |  1  2  3  4  5  6 |
---------------+-------------------+-----
Dodging        | 3 4 |  4.0
Axes           | 4 5 |  5.5
Fighting       | 4 |  4.8

Action                     |  1- 3 |  4- 6 || total
---------------------------+-------+-------++-------
  Melee: Hand axe          |   134 |   109 ||   243
         Tailslap          |    14 |    15 ||    29
         Punch             |     1 |     1 ||     2
 Invoke: Berserk           |       |     4 ||     4
   Stab: Sleeping          |     3 |     1 ||     4
 Armour: Skin              |    32 |    34 ||    66
  Dodge: Dodged            |    95 |   102 ||   197

Table legend: (Time is in decaauts)
 A = Elapsed time spent in this place.
 B = Non-inter-level travel time spent in this place.
 C = Inter-level travel time spent in this place.
 D = Time resting spent in this place.
 E = Time spent auto-exploring this place.
 F = Levels seen in this place.
 G = Mean time per level.
                   A        B        C        D        E       F      G
               +--------+--------+--------+--------+--------+-----+--------+
         Total |   3838 |   3771 |     67 |    493 |   2718 |   5 |  767.6 |
       Dungeon |   3838 |   3771 |     67 |    493 |   2718 |   5 |  767.6 |
               +--------+--------+--------+--------+--------+-----+--------+

Top non-repeatable levels by time:
     D:4: 1478 daAuts
     D:2: 878 daAuts
     D:1: 765 daAuts
     D:3: 684 daAuts
     D:5: 31 daAuts
